 Dungeon Crawl Stone Soup version 0.26-a0-665-gefeb406119 (webtiles) character file.

Game seed: 8433751151803092761

18 BruhMomento the Slasher (level 2, -1/24 HPs)
             Began as a Demonspawn Berserker on Oct 15, 2020.
             Was a Follower of Trog.
             Slain by a kobold
             ... wielding a +0 club
              (2 damage)
             ... on level 1 of the Dungeon.
             The game lasted 00:00:30 (731 turns).

BruhMomento the Slasher (Demonspawn Berserker)       Turns: 731, Time: 00:00:30

Health: -1/24      AC:  2    Str: 17    XL:     2   Next: 48%
Magic:  2/2        EV: 12    Int:  8    God:    Trog [*.....]
Gold:   0          SH:  0    Dex: 14    Spells: 1/1 levels left

rFire    . . .     SeeInvis .   a - +0 falchion
rCold    . . .     Faith    .   (no shield)
rNeg     . . .     Spirit   .   b - +0 animal skin
rPois    .         Reflect  .   (no helmet)
rElec    .         Harm     .   (no cloak)
rCorr    .         Rampage  .   (no gloves)
MR       .....                  (no boots)
Stlth    ++........             (no amulet)
HPRegen  0.08/turn              (no ring)
MPRegen  0.08/turn              (no ring)

@: no status effects
A: thin skeletal structure 1
a: Berserk, Renounce Religion


You were on level 1 of the Dungeon.
You worshipped Trog.
Trog was aware of your devotion.
You visited 1 branch of the dungeon, and saw 1 of its levels.

Inventory:

Hand Weapons
 a - a +0 falchion (weapon)
Armour
 b - a +0 animal skin (worn)
Jewellery
 d - an uncursed ring of wizardry {unknown}
Scrolls
 c - a scroll of teleportation {unknown}
 e - a scroll of fear {unknown}


   Skills:
 - Level 3.0 Fighting
 + Level 3.5 Long Blades
 - Level 1.7 Armour
 - Level 1.7 Dodging


You had one spell level left.
You didn't know any spells.
Your spell library was empty.

Dungeon Overview and Level Annotations

Branches:
Dungeon (1/15)

Altars:


Innate Abilities, Weirdness & Mutations

You have a somewhat thin skeletal structure. (Dex +2, Stealth)


Message History

The kobold hits you with a +0 club.
* * * LOW HITPOINT WARNING * * *
The kobold hits you but does no damage. The kobold hits you but does no damage.
The kobold closely misses you.
You riposte.
You hit the kobold.
The kobold is heavily wounded.
The kobold barely misses you. The kobold closely misses you.
You riposte.
You barely miss the kobold.
The kobold is heavily wounded.
The kobold barely misses you. The kobold closely misses you.
The kobold hits you but does no damage. The kobold hits you with a +0 club.
* * * LOW HITPOINT WARNING * * *
The kobold hits you with a +0 club.
* * * LOW HITPOINT WARNING * * *
The kobold barely misses you. The kobold hits you but does no damage.
The kobold hits you with a +0 club.
You die...

#. ########.........#.#.
#...#........8..#...#
#...#..........##...#
+.........#.#.#.....#
#.........#...#...#.#
###......##.##.###.#
#.#######.##.# #.#
#######'### #.##)# #..
.......@..# #.##.# ###
......K†..# #.##.#
....!.....# #.##.#####
..........# #....#....
..........#####..###.###
..........#....#># #.# #
..........#.##.#####.# #
..........# #.......# #
###.##### #


You could see a kobold.

Vanquished Creatures
  A dart slug (D:1)
  A leopard gecko (D:1)
  A giant cockroach (D:1)
  3 goblins (D:1)
  2 hobgoblins (D:1)
  4 kobolds (D:1)
  2 frilled lizards (D:1)
  A rat (D:1)
15 creatures vanquished.

Notes
Turn   | Place    | Note
-------+----------+-------------------------------------------
     0 | D:1      | BruhMomento the Demonspawn Berserker began the quest for
                  | the Orb.
     0 | D:1      | Reached XP level 1. HP: 18/18 MP: 1/1
   343 | D:1      | Gained mutation: You have a somewhat thin skeletal
                  | structure. (Dex +2, Stealth) [demonic ancestry]
   343 | D:1      | Reached XP level 2. HP: 20/24 MP: 2/2
   728 | D:1      | HP: 1/24 [kobold/+0 club (3)]
   731 | D:1      | Slain by a kobold

Illustrated notes

Levels and vault maps discovered:
D:1:      grunt_arrival_lava_bath, layout_basic, minmay_heptomino_l4

Skill      XL: |  1 |
---------------+----+-----
Long Blades    | 3 |  3.5
Fighting       | |  3.0
Armour         | |  1.7
Dodging        | |  1.7

Action                   || total
-------------------------++-------
Melee: Falchion          ||    45
 Stab: Sleeping          ||     4
Armor: Animal skin       ||    11
Dodge: Dodged            ||    37
       Rpst.: Falchion   ||    16

Table legend: (Time is in decaauts)
 A = Elapsed time spent in this place.
 B = Non-inter-level travel time spent in this place.
 C = Inter-level travel time spent in this place.
 D = Time resting spent in this place.
 E = Time spent auto-exploring this place.
 F = Levels seen in this place.
 G = Mean time per level.
                   A        B        C        D        E       F      G
               +--------+--------+--------+--------+--------+-----+--------+
         Total |    737 |    737 |      0 |      0 |    616 |   1 |  737.0 |
       Dungeon |    737 |    737 |      0 |      0 |    616 |   1 |  737.0 |
               +--------+--------+--------+--------+--------+-----+--------+

Top non-repeatable levels by time:
     D:1: 737 daAuts
